 Dungeon Crawl Stone Soup version 0.28-a0-769-g550dbda0cd (webtiles) character file.

Game seed: 15788720959449705926

103 timneilson the Covered (level 4, -5/29 HPs)
             Began as a Gargoyle Fighter on Oct 31, 2021.
             Slain by a phantom (8 damage)
             ... on level 2 of the Dungeon.
             The game lasted 00:03:04 (2361 turns).

timneilson the Covered (Gargoyle Fighter)           Turns: 2361, Time: 00:03:04

Health: -5/29      AC: 10    Str: 20    XL:     4   Next: 79%
Magic:  4/4        EV:  9    Int:  9    God:
Gold:   38         SH:  4    Dex:  9    Spells: 3/3 levels left

rFire   . . .      SeeInvis .   a - +0 long sword
rCold   . . .      Faith    .   c - +0 buckler
rNeg    + . .      Spirit   .   b - +0 scale mail
rPois   ∞          Reflect  .   (no helmet)
rElec   +          Harm     .   (no cloak)
rCorr   .          Rampage  .   (no gloves)
Will    .....                   (no boots)
Stlth   ..........              (no amulet)
HPRegen 0.09/turn               (no ring)
MPRegen 0.09/turn               (no ring)

@: mighty
A: sickness immunity, AC +3, negative energy resistance 1, electricity
resistance, torment resistance 1, petrification resistance
a: no special abilities


You were on level 2 of the Dungeon.
You visited 1 branch of the dungeon, and saw 2 of its levels.

You collected 38 gold pieces.

Inventory:

Hand Weapons
 a - a +0 long sword (weapon)
Armour
 b - a +0 scale mail (worn)
 c - a +0 buckler (worn)
Scrolls
 g - a scroll of fog {unknown}
 i - a scroll of enchant armour {unknown}
 j - 4 scrolls of identify {unknown}
Potions
 e - a potion of attraction {unknown}
 f - a potion of degeneration {unknown}
 h - a potion of curing {unknown}


   Skills:
 + Level 3.6 Fighting
 * Level 2.7 Long Blades
 * Level 4.1 Armour
 + Level 0.7 Dodging
 * Level 4.0 Shields


You had 3 spell levels left.
You didn't know any spells.
Your spell library contained the following spells:

 Spells                   Type           Power      Damage    Failure   Level
 Passwall                 Tmut/Erth      0%         N/A       86%         2
 Swiftness                Air            0%         N/A       98%         3
 Invisibility             Hex            0%         N/A       100%        6


Dungeon Overview and Level Annotations

Branches:
Dungeon (2/15)

Altars:
Hepliaklqana

Shops:
D:2 [

Annotations:
D:2 1 runed translucent door, Crazy Yiuf


Innate Abilities, Weirdness & Mutations

You are immune to sickness and miasma.
Your stone body is resilient. (AC +3)
You are immune to poison.
You resist negative energy. (rN+)
You are resistant to electric shocks. (rElec)
You are resistant to unholy torment.
You are immune to petrification.


Message History

You hit the phantom.
The phantom is lightly damaged.
You block the phantom's attack.
You closely miss the phantom.
The phantom is lightly damaged.
The phantom hits you.
You slash the phantom!
The phantom is moderately damaged.
The phantom barely misses you.
You hit the phantom but do no damage.
The phantom is moderately damaged.
The phantom barely misses you. The phantom hits you.
You barely miss the phantom.
The phantom is moderately damaged.
You block the phantom's attack.
You closely miss the phantom.
The phantom is moderately damaged.
The phantom hits you.
The phantom blinks!
You feel very mighty all of a sudden.
The phantom hits you but does no damage.
You closely miss the phantom.
The phantom is moderately damaged.
The phantom closely misses you.
You slash the phantom!
The phantom is severely damaged.
The phantom hits you.
The phantom blinks!
You blink.
You block the phantom's attack.
You slash the phantom!
The phantom is almost destroyed.
The jackal bites you. You block the phantom's attack.
You closely miss the phantom.
The phantom is almost destroyed.
The jackal closely misses you. The phantom hits you!
* * * LOW HITPOINT WARNING * * *
The jackal closely misses you.
Unknown command.
You barely miss the phantom.
The phantom is almost destroyed.
The phantom hits you!
You die...

.#.#..†..#.......+..[..#
.#.#.....#.#.##.##.....###
.#)#..P..#.#.##..+.....'.#
..)##P..##.....>##.....#.#
##.###P###.#.###....)..#.#
...# #_# #.#.......††#.#.#
...# #P# ###..##.###.#<#.#
...#


PP. #.......r.#.###.# #..# ### ###@W.....#.# ...# #h#h#####.# ..## #h....§)..#
...# ##.####<####### ...## ........###### ....# ##.###....h..# ....# #.......#
....# #.......# ..#.## # #.....).### You could see a phantom, 3 jackals and a
rat.

Vanquished Creatures
  5 adders (D:2)
  A dart slug (D:2)
  5 orcs (D:2)
  3 bats
  9 endoplasms
  2 giant cockroaches
  2 hobgoblins (D:1)
  3 jackals (D:1)
  5 ball pythons
  3 frilled lizards
  5 goblins
  4 kobolds
  4 rats
51 creatures vanquished.

Vanquished Creatures (others)
  30 plants (D:2)
30 creatures vanquished.

Grand Total: 81 creatures vanquished

Notes
Turn   | Place    | Note
-------+----------+-------------------------------------------
     0 | D:1      | timneilson the Gargoyle Fighter began the quest for the
                  | Orb.
     0 | D:1      | Reached XP level 1. HP: 14/14 MP: 1/1
   217 | D:1      | Reached XP level 2. HP: 19/19 MP: 2/2
  1243 | D:1      | Reached XP level 3. HP: 23/23 MP: 3/3
  1487 | D:2      | Found a runed translucent door.
  1488 | D:2      | Noticed Crazy Yiuf
  1664 | D:2      | Found Gued's Antique Armour Boutique.
  1780 | D:2      | Reached XP level 4. HP: 16/28 MP: 4/4
  2033 | D:2      | Found a faded altar of an unknown god.
  2294 | D:2      | Found a hazy altar of Hepliaklqana.
  2315 | D:2      | Noticed a phantom
  2361 | D:2      | Slain by a phantom

Illustrated notes

Levels and vault maps discovered:
D:1:      amcnicky_arrival_single_pillar, layout_basic
D:2:      layout_basic, serial_shops, shop, basic_altar,
          shapermc_ecumenical_altar_flowoftime, serial_bayou,
          serial_bayou_shore_a, serial_bayou_lagoon_a, serial_bayou_lake_a,
          serial_bayou_ford_a, serial_bayou_pond_d, serial_bayou_pond_e,
          uniq_crazy_yiuf_cottage

Skill      XL: |  1  2  3  4 |
---------------+-------------+-----
Long Blades    | 2 |  2.7
Armour         | 4 |  4.1
Shields        | 4 |  4.0
Fighting       | |  3.6
Dodging        | |  0.7

Action                   |  1- 3 |  4- 6 || total
-------------------------+-------+-------++-------
Melee: Long sword        |   142 |    63 ||   205
  Use: Scroll            |     2 |       ||     2
       Potion            |       |     1 ||     1
Armor: Scale mail        |    85 |    35 ||   120
Dodge: Dodged            |    61 |    32 ||    93
Block: Buckler           |    26 |    18 ||    44

Table legend: (Time is in decaauts)
 A = Elapsed time spent in this place.
 B = Non-inter-level travel time spent in this place.
 C = Inter-level travel time spent in this place.
 D = Time resting spent in this place.
 E = Time spent auto-exploring this place.
 F = Levels seen in this place.
 G = Mean time per level.
                   A        B        C        D        E       F      G
               +--------+--------+--------+--------+--------+-----+--------+
         Total |   2454 |   2436 |     18 |     57 |   1897 |   2 | 1227.0 |
       Dungeon |   2454 |   2436 |     18 |     57 |   1897 |   2 | 1227.0 |
               +--------+--------+--------+--------+--------+-----+--------+

Top non-repeatable levels by time:
     D:1: 1381 daAuts
     D:2: 1073 daAuts
